 Dungeon Crawl Stone Soup version 0.18-a0-1639-g7533f42 (webtiles) character file.

303 Espgualade the Skirmisher (level 6, 41/41 HPs)
             Began as a Tengu Ice Elementalist on Mar 27, 2016.
             Was a Follower of Vehumet.
             Quit the game on level 3 of the Dungeon.
             The game lasted 00:09:24 (4273 turns).

Espgualade the Skirmisher (Tengu Ice Elementalist)  Turns: 4273, Time: 00:09:24

Health: 41/41      AC:  2    Str:  8 (9)  XL:     6   Next: 38%
Magic:  10/10      EV: 12    Int: 15 (17) God:    Vehumet [*.....]
Gold:   140        SH:  5    Dex: 15 (17) Spells: 3 memorised, 3 levels left

rFire  . . .     SeeInvis .     o - +5 dagger
rCold  . . .     Gourm    .     a - +0 robe
rNeg   . . .     Faith    .     r - +2 buckler
rPois  .         Spirit   .     (helmet restricted)
rElec  .         Dismiss  .     (no cloak)
rCorr  .         Reflect  .     (no gloves)
SustAt .         Harm     .     (boots unavailable)
MR     .....                    (no amulet)
Stlth  ++........               p - +3 ring of dexterity
                                f - ring of wizardry

@: not resistant to hostile enchantments, unstealthy
A: beak, talons 3, able to fly 1
a: Fly, Renounce Religion


You were on level 3 of the Dungeon.
You worshipped Vehumet.
Vehumet was aware of your devotion.
You were near starving.

You visited 1 branch of the dungeon, and saw 4 of its levels.

You collected 140 gold pieces.

Inventory:

Hand Weapons
 o - a +5 dagger (weapon)
Armour
 a - a +0 robe (worn)
 r - a +2 buckler (worn)
Jewellery
 f - a ring of wizardry (left hand)
 p - a +3 ring of dexterity (right hand)
 w - an uncursed ring of see invisible
Scrolls
 e - a scroll of enchant weapon {unknown}
 h - 6 scrolls of remove curse {unknown}
 j - 5 scrolls of identify
 l - a scroll of teleportation {unknown}
 s - a scroll of amnesia {unknown}
 t - a scroll of fog {unknown}
 v - a scroll of random uselessness {unknown}
Potions
 d - 2 potions of heal wounds
 g - a potion of brilliance
 k - 2 potions of curing
 n - a potion of degeneration
Books
 b - a book of Frost

   Spells                             Type                      Level
   a - Freeze                         Ice                          1
   b - Throw Frost                    Conjuration/Ice              2
   c - Ozocubu's Armour               Charms/Ice                   3
   d - Throw Icicle                   Conjuration/Ice              4
   e - Summon Ice Beast               Ice/Summoning                4
 u - a book of Beasts

   Spells                             Type                      Level
   a - Summon Butterflies             Summoning                    1
   b - Call Canine Familiar           Summoning                    3
   c - Summon Ice Beast               Ice/Summoning                4
   d - Summon Mana Viper              Hexes/Summoning              5
   e - Summon Hydra                   Summoning                    7
Comestibles
 c - 3 bread rations
 q - 4 fruits


   Skills:
 - Level 5.7 Fighting
 + Level 2.7 Dodging
 - Level 2.0 Stealth
 + Level 2.2 Spellcasting
 - Level 1.3 Conjurations
 - Level 2.6 Ice Magic


You had 3 spell levels left.
You knew the following spells:

 Your Spells              Type           Power        Failure   Level  Hunger
a - Freeze                Ice            #...         6%          1    #......
b - Throw Frost           Conj/Ice       #.....       10%         2    ###....
c - Ozocubu's Armour      Chrm/Ice       #.......     41%         3    ###....


Dungeon Overview and Level Annotations

Branches:
Dungeon (4/15)
 Temple: D:4-7

Altars:
Kikubaaqudgha
Nemelex Xobeh
Qazlal
Trog
Vehumet


Innate Abilities, Weirdness & Mutations

You have a beak for a mouth.
You have claws for feet.
You can fly.


Message History

You start resting.
You feel a little less agile now.
You start resting.
Your magical contamination has completely faded away.
You start resting.
You are feeling very hungry.
You start resting.
HP restored.
You start waiting.
You are near starving!
Drink which item? (? for menu, Esc to quit)
You have no ailments to cure.
Unknown command.
Unknown command.
Unknown command.
Unknown command.
Drink which item? (? for menu, Esc to quit)
Okay, then.
Unknown command.
Are you sure you want to abandon this character and quit the game? (Confirm with "yes".)

########.......#
#........#####.# #.######.#
#.######### #.# #.# #..........
#.######.# #.#.####.#. ###
#........#####.#.# #.#.
##.######.....#.).....#.# #.#†
#.#...........####.#.##.# ##.#.
##.#.####..>..@.......#.###..#.
#.#.# #.....######.##.##.....
#.#.# ###.#.# ###.##.###..#.
#.#.# #.#.# #.............
#.#.# #.#.# #...##..##.#..
####.#.# #.#.# #..###..##.#..
.......# #.#.# #..# #........
####.#.# #.#.# #..# ##.##....
#.#.######.#.# #..# #.##....


There were no monsters in sight!

Vanquished Creatures
  A crimson imp (D:3)
  A hound (D:3)
  An orc priest (D:3)
  Jessica (D:2)
  A worker ant (D:3)
  2 adders (D:3)
  2 oozes
  An adder zombie (D:3)
  A worm (D:3)
  A dart slug (D:1)
  6 giant geckos
  10 orcs (D:3)
  9 bats
  3 bat zombies (D:3)
  4 giant cockroaches
  10 goblins
  14 hobgoblins
  7 jackals
  2 quokkas (D:2)
  4 ball pythons
  A giant gecko skeleton (D:4)
  7 giant newts
  6 kobolds
  9 rats
  2 rat zombies (D:3)
  A fungus (D:1)
107 creatures vanquished.

Notes
Turn   | Place    | Note
--------------------------------------------------------------
     0 | D:1      | Espgualade the Tengu Ice Elementalist began the quest for the Orb.
     0 | D:1      | Reached XP level 1. HP: 10/10 MP: 4/4
   238 | D:1      | Reached skill level 1 in Fighting
   241 | D:1      | Reached XP level 2. HP: 13/16 MP: 0/6
   566 | D:1      | Reached skill level 2 in Fighting
   725 | D:1      | Reached XP level 3. HP: 13/22 MP: 0/7
  1491 | D:1      | Learned a level 2 spell: Throw Frost
  1495 | D:1      | Learned a level 3 spell: Ozocubu's Armour
  1521 | D:2      | Reached skill level 3 in Fighting
  1538 | D:2      | Noticed Jessica
  1543 | D:2      | Killed Jessica
  1543 | D:2      | Reached XP level 4. HP: 28/28 MP: 4/8
  1921 | D:2      | Found a sparkling altar of Nemelex Xobeh.
  2044 | D:2      | Reached skill level 4 in Fighting
  2666 | D:3      | Gained mutation: You can fly. [Tengu growth]
  2666 | D:3      | Reached XP level 5. HP: 34/34 MP: 9/9
  2699 | D:3      | Found a radiant altar of Vehumet.
  2736 | D:3      | Became a worshipper of Vehumet
  2897 | D:3      | Reached skill level 5 in Fighting
  2943 | D:3      | Reached XP level 6. HP: 25/40 MP: 2/10
  2998 | D:3      | Found a bloodstained altar of Trog.
  3280 | D:3      | Reached * piety under Vehumet
  3280 | D:3      | Offered knowledge of Sandblast by Vehumet.
  3520 | D:3      | Found an ancient bone altar of Kikubaaqudgha.
  3876 | D:4      | Found a stormy altar of Qazlal.
  3903 | D:4      | Noticed an orc warrior
  4273 | D:3      | Quit the game

Vault maps used:
D:1:      dpeg_cavernosity
D:2:      nemelex_altar_shiori, first_bread, serial_bayou_lagoon_a,
          grunt_decor_arrowhead, uniq_jessica
D:3:      marbit_many_paths, bloody_trog, lemuel_zombie_altar_kikubaaqudgha,
          grunt_ministairs_3, minmay_box_of_dots
D:4:      nicolae_gozag_seed_capital, grunt_qazlal_clouds, hex_large

Skill      XL: |  1  2  3  4  5 |
---------------+----------------+-----
Fighting       | 1 2 3 4 5 |  5.7
Dodging        | |  2.7
Stealth        | |  2.0
Spellcasting   | |  2.2
Conjurations   | |  1.3
Ice Magic      | |  2.6

Action                   |  1- 3 |  4- 6 || total
-------------------------+-------+-------++-------
Melee: Unarmed           |    48 |     6 ||    54
       Dagger            |       |   124 ||   124
       Falchion          |       |    10 ||    10
 Cast: Freeze            |    44 |    38 ||    82
       Ozocubu's Armour  |       |     1 ||     1
  Use: Potion            |       |     6 ||     6
       Scroll            |       |     1 ||     1
 Stab: Sleeping          |     2 |     4 ||     6
  Eat: Chunk             |     3 |     7 ||    10
       Fruit             |       |     1 ||     1
